 Dungeon Crawl Stone Soup version 0.30.0-17-ge0270778cf (webtiles) character file.

Game seed: 13837268838034415799

2503 Monkooky the Cleaver (level 8, -5/74 HPs)
             Began as a Minotaur Fighter on May 21, 2023.
             Was a Follower of Ru.
             Slain by a shadow (32 damage)
             ... on level 7 of the Dungeon.
             The game lasted 00:10:07 (6470 turns).

Monkooky the Cleaver (Minotaur Fighter)             Turns: 6470, Time: 00:10:08

Health: -5/74      AC:  9    Str: 23    XL:     8   Next: 28%
Magic:  7/7        EV:  9    Int:  5    God:    Ru [*.....]
Gold:   639        SH:  9    Dex: 10    Spells: 7/7 levels left

rFire   . . .        a - +0 war axe
rCold   . . .        c - +0 buckler
rNeg    + . .        b - +0 scale mail
rPois   .            (helmet restricted)
rElec   .            B - +0 cloak
rCorr   .            (no gloves)
SInv    .            J - +0 pair of boots
Will    .....        k - amulet of reflection Stlth
                     d - ring of positive energy
HPRegen 0.32/turn    (no ring)
MPRegen 0.10/turn

%: reflection
@: no status effects
A: horns 2, inexperienced 1, retaliatory headbutt
a: Renounce Religion


You were on level 7 of the Dungeon.
You worshipped Ru.
Ru was aware of your devotion.
You visited 1 branch of the dungeon, and saw 7 of its levels.
You also visited: Ossuary.

You collected 639 gold pieces.

Inventory:

Hand Weapons
 a - a +0 war axe (weapon)
 u - a +0 battleaxe
Missiles
 n - 9 boomerangs (quivered)
Armour
 b - a +0 scale mail (worn)
 c - a +0 buckler (worn)
 B - a +0 cloak (worn)
 J - a +0 pair of boots (worn)
Jewellery
 d - a ring of positive energy (left hand)
 k - an amulet of reflection (around neck)
Wands
 t - a wand of polymorph (13)
 y - a wand of digging (6)
 A - a wand of quicksilver (2)
 G - a wand of flame (6)
 H - a wand of roots (15)
Scrolls
 e - 4 scrolls of blinking {unknown}
 h - a scroll of vulnerability {unknown}
 j - 2 scrolls of amnesia {unknown}
 l - 8 scrolls of identify {unknown}
 o - 2 scrolls of noise {unknown}
 p - a scroll of torment {unknown}
 q - 4 scrolls of teleportation {unknown}
 s - a scroll of immolation {unknown}
 v - a scroll of fog {unknown}
 x - a scroll of silence {unknown}
 I - a scroll of magic mapping {unknown}
 K - a scroll of brand weapon {unknown}
Potions
 f - 2 potions of heal wounds {unknown}
 g - a potion of curing {unknown}
 i - 2 potions of flight {unknown}
 m - 4 potions of degeneration {unknown}
 r - 2 potions of attraction {unknown}
 w - a potion of ambrosia {unknown}
 z - 2 potions of berserk rage {unknown}
 C - 2 potions of mutation {unknown}
 D - a potion of lignification {unknown}
 E - a potion of brilliance {unknown}
 F - a potion of cancellation {unknown}


   Skills:
 + Level 8.2 Fighting
 - Level 11.1 Axes
 - Level 3.6 Armour
 - Level 3.6 Shields
 + Level 5.4 Evocations


You had 7 spell levels left.
You didn't know any spells.
Your spell library contained the following spells:

 Spells                   Type           Power      Damage    Failure   Level
 Kiss of Death            Conj/Necr      0%         2d5       85%         1
 Necrotise                Necr           0%         1d4       85%         1
 Blink                    Tloc           0%         N/A       94%         2
 Cigotuvi's Dreadful Rot  Necr/Pois/Air  0%         N/A       94%         2
 Lesser Beckoning         Tloc           0%         N/A       94%         2
 Momentum Strike          Conj/Tloc      0%         3d8       94%         2
 Sublimation of Blood     Necr           0%         N/A       94%         2
 Wereblood                Tmut           0%         N/A       94%         2
 Confusing Touch          Hex            0%         N/A       99%         3
 Ignite Poison            Fire/Tmut/Pois 0%         N/A       99%         3
 Vampiric Draining        Necr           0%         2d6       99%         3
 Animate Dead             Necr           0%         N/A       100%        4
 Dispel Undead            Necr           0%         3d6       100%        4
 Freezing Cloud           Conj/Ice/Air   0%         6-21      100%        5
 Summon Hydra             Summ           0%         N/A       100%        7


Dungeon Overview and Level Annotations

Branches:
Dungeon (7/15)             Temple (0/1) D:5         Ossuary (visited)

Altars:
Cheibriados
Dithmenos
Elyvilon
Fedhas
Kikubaaqudgha
Nemelex Xobeh
Ru
Yredelemnul

Shops:
D:7 *


Innate Abilities, Weirdness & Mutations

You have a pair of horns on your head.
You are somewhat inexperienced. (-1 XL)
You reflexively headbutt those who attack you in melee.


Message History

A vampire mosquito comes into view.
You block the vampire mosquito's attack.
The shadow slips into darkness.
The shadow flickers and vanishes!
Deactivating autopickup; reactivate with Ctrl-A.
You hit the vampire mosquito but do no damage.
Your headbutt misses the vampire mosquito.
The vampire mosquito is heavily damaged.
The vampire mosquito bites you.
You block the vampire mosquito's attack.
You hit the vampire mosquito.
The vampire mosquito is severely damaged.
The vampire mosquito bites you but does no damage.
You block the vampire mosquito's attack.
You closely miss the vampire mosquito. You headbutt the vampire mosquito!
The vampire mosquito is almost destroyed.
The vampire mosquito bites you.
The vampire mosquito bites you but does no damage.
You closely miss the vampire mosquito.
Your headbutt misses the vampire mosquito.
The vampire mosquito is almost destroyed.
The vampire mosquito bites you but does no damage.
You block the vampire mosquito's attack.
You miss the vampire mosquito.
Your headbutt misses the vampire mosquito.
The vampire mosquito is almost destroyed.
The vampire mosquito bites you.
You closely miss the vampire mosquito.
The vampire mosquito is almost destroyed.
The vampire mosquito bites you but does no damage. x2
You slash the vampire mosquito!
You destroy the vampire mosquito!
Your Fighting skill increases to level 8!
You slash the ogre!
You kill the ogre!
Press: ? - help, v - describe, . - travel, g - get item
Items here: )) †††††.
An open door, spattered with blood.
The shadow strikes at you from the darkness! x2
You die...

##.###..#.........#
#..# ##.#..#...#..#
...# ##.#....#....#
#.## #))#.........#
#.# #.)#####'#####
#.# #............#
..# #..########..#
#.#####.# ####..#
#.......# #...@{#
#.#####.#
#.###.W.y†# ..#
##.## #.# #.##.#.#
#.####...####.# #.#
# #.##..........#
#.#
#.##.#...####.###.#
# #.##.##.##
#†##..#####+#####.#
#.##.##.#
#.##..............#
#.##.##.#
#...............###


You could see a vampire mosquito and a phantom.

Vanquished Creatures
  A steam dragon (D:7)
  2 vampire mosquitoes (D:7)
  The ghost of TrollFarmer the Magician, an amateur DjFE (D:3)
  2 water moccasins
  An orc warrior (D:7)
  A sky beast (D:7)
  A tengu (D:6)
  A black bear (D:7)
  3 ogres
  2 scorpions
  A bullfrog (D:7)
  3 wights (D:7)
  2 howler monkeys (D:7)
  A jelly (D:4)
  2 orc priests
  5 hounds
  Jessica (D:3)
  Natasha (thrice) (D:3)
  3 orc wizards (D:5)
  Ijyb (D:3)
  3 iguanas
  3 mummies
  6 gnolls
  10 adders
  2 white imps
  A worm (D:5)
  A dart slug (D:5)
  12 orcs
  6 ball pythons
  3 endoplasms
  4 giant cockroaches
  A gnoll zombie (Ossuary)
  6 goblins
  7 hobgoblins
  11 jackals
  3 kobolds
  A quokka (D:1)
  7 bats
  5 frilled lizards
  3 goblin zombies (Ossuary)
  5 hobgoblin zombies (Ossuary)
  5 orc zombies (Ossuary)
  2 rats
144 creatures vanquished.

Vanquished Creatures (others)
  An orc (D:7)
1 creature vanquished.

Grand Total: 145 creatures vanquished

Notes
Turn   | Place    | Note
-------+----------+-------------------------------------------
     0 | D:1      | Monkooky the Minotaur Fighter began the quest for the Orb.
     0 | D:1      | Reached XP level 1. HP: 19/19 MP: 0/0
   232 | D:1      | Reached skill level 3 in Axes
   235 | D:1      | Reached XP level 2. HP: 27/27 MP: 1/1
   283 | D:1      | Found a faded altar of an unknown god.
   305 | D:1      | Prayed at the altar of an unknown god.
   305 | D:1      | Became a worshipper of Kikubaaqudgha
   305 | D:1      | Reached * piety under Kikubaaqudgha
   305 | D:1      | Received a gift from Kikubaaqudgha
   380 | D:1      | Fell from the grace of Kikubaaqudgha
   383 | D:1      | Reached skill level 4 in Axes
   529 | D:2      | Reached XP level 3. HP: 30/33 MP: 2/2
  1405 | D:3      | Noticed Jessica
  1409 | D:3      | Killed Jessica
  1410 | D:3      | Reached skill level 5 in Axes
  1410 | D:3      | Reached XP level 4. HP: 25/40 MP: 3/3
  1411 | D:3      | Found a runed translucent door.
  1530 | D:3      | You fall into a shaft and drop 1 floor!
  1534 | D:4      | Noticed Blork the orc
  1536 | D:4      | Blork the orc changed into Blork the adder
  1536 | D:4      | Noticed Blork
  1539 | D:4      | Killed Blork the adder
  1540 | D:4      | Found a sparkling altar of Nemelex Xobeh.
  1622 | D:4      | Found a sand-covered staircase.
  1634 | Ossuary  | Entered an ossuary
  1658 | Ossuary  | Reached skill level 6 in Axes
  1717 | Ossuary  | Reached XP level 5. HP: 44/46 MP: 4/4
  2018 | D:3      | Found a blossoming altar of Fedhas.
  2099 | D:3      | Noticed Natasha
  2104 | D:3      | Killed Natasha
  2105 | D:3      | Reached skill level 7 in Axes
  2216 | D:3      | Noticed Ijyb
  2221 | D:3      | Killed Ijyb
  2317 | D:3      | Noticed TrollFarmer's ghost (amateur DjFE)
  2535 | D:3      | Noticed Natasha
  2543 | D:3      | Killed Natasha
  2544 | D:3      | Reached XP level 6. HP: 47/52 MP: 5/5
  2651 | D:3      | Noticed Natasha
  2661 | D:3      | Killed Natasha
  2807 | D:3      | Killed TrollFarmer's ghost
  2808 | D:3      | Reached skill level 8 in Axes
  2874 | D:4      | Reached skill level 9 in Axes
  2942 | D:4      | Found a basalt altar of Yredelemnul.
  3002 | D:4      | Found a runed translucent door.
  3003 | D:4      | Noticed Crazy Yiuf
  3463 | D:4      | Crazy Yiuf changed into Crazy Yiuf the hobgoblin
  3463 | D:4      | Noticed Crazy Yiuf
  3466 | D:4      | Killed Crazy Yiuf the hobgoblin
  3549 | D:5      | Entered Level 5 of the Dungeon
  3557 | D:5      | Reached XP level 7. HP: 55/58 MP: 6/6
  3572 | D:5      | Found a sacrificial altar of Ru.
  3593 | D:5      | Became a worshipper of Ru the Awakened
  3641 | D:5      | Found a shadowy altar of Dithmenos.
  3740 | D:5      | Found a staircase to the Ecumenical Temple.
  3745 | D:5      | Reached skill level 10 in Axes
  4285 | D:5      | Reached skill level 11 in Axes
  4643 | D:6      | Reached skill level 1 in Evocations
  4643 | D:6      | Reached XP level 8. HP: 19/66 MP: 7/7
  4648 | D:5      | Gained mutation: You are somewhat inexperienced. (-1 XL)
                  | [Ru sacrifice]
  4648 | D:5      | Reached XP level 7. HP: 20/59 MP: 6/6
  4648 | D:5      | Reached * piety under Ru
  5047 | D:6      | Reached skill level 5 in Fighting
  5229 | D:6      | Found a white marble altar of Elyvilon.
  5782 | D:7      | Found Bezeo's Neck Hole.
  5917 | D:7      | Found a snail-covered altar of Cheibriados.
  6232 | D:7      | Reached XP level 8. HP: 44/73 MP: 7/7
  6451 | D:7      | Reached skill level 5 in Evocations
  6470 | D:7      | Slain by a shadow

Illustrated notes

Levels and vault maps discovered:
D:1:      lemuel_arrival_river_ford, layout_rooms,
          chequers_ecumenical_altar_island, minmay_misc_feat_iff
D:2:      layout_loops_corners, eino_curves_04, reono_crystal_passage
D:3:      layout_basic, fedhas_altar_2, ebering_ghost_sewer_d,
          minmay_crystal_room, minmay_quadrilaterals, uniq_jessica,
          uniq_natasha, uniq_ijyb
D:4:      layout_gridville, nemelex_xobeh_ov_fountains_minmay,
          lemuel_doored_altar, gup_ossuary_entry_pyramid, uniq_blork_the_orc,
          uniq_crazy_yiuf_cottage
D:5:      layout_gridville, lemuel_round_altar, nicolae_ru_the_path_less_chosen,
          minmay_temple_entry_large_hall, chequers_big_river,
          minmay_misc_feat_tower
D:6:      layout_loops_ring, nicolae_elyvilon_peaceful_grove
D:7:      minmay_the_grid_plus [minmay_the_grid_box_x,
          minmay_the_grid_pillar_ring, minmay_the_grid_mess,
          minmay_the_grid_odd_star, minmay_the_grid_prize_big_room],
          layout_loops_ring, general_overflow_altar,
          nicolae_shop_sticking_my_neck_out, uniq_joseph

Skill      XL: |  1  2  3  4  5  6  7  8 |
---------------+-------------------------+-----
Axes           | 3 4 5 6 7 9 11 | 11.1
Fighting       | 7 8 |  8.2
Evocations     | 4 5 |  5.4
Armour         | |  3.6
Shields        | |  3.6

Action                     |  1- 3 |  4- 6 |  7- 9 || total
---------------------------+-------+-------+-------++-------
  Melee: War axe           |    86 |    93 |   197 ||   376
         Headbutt          |     7 |    10 |    32 ||    49
  Throw: Boomerang         |       |     1 |    13 ||    14
 Invoke: Renounce Religion |     1 |       |       ||     1
         Sacrifice Experie |       |       |     1 ||     1
  Evoke: Wand              |       |     3 |     4 ||     7
    Use: Potion            |     1 |     1 |       ||     2
 Armour: Scale mail        |    42 |    29 |    57 ||   128
  Dodge: Dodged            |    52 |    33 |    50 ||   135
  Block: Buckler           |    30 |    20 |    90 ||   140
         Reflection        |       |       |     3 ||     3
